 Dungeon Crawl Stone Soup version 0.32-a0-898-g7811c86cf0 (webtiles) character file.

Game seed: 1016836458757676523

5744 Autsider the Summoner (level 10, 0/54 (58) HPs)
             Began as a Tengu Summoner on Apr 4, 2024.
             Was a Believer of Kikubaaqudgha.
             Killed by an exploding blazeheart core (31 damage)
             ... on level 1 of the Lair of Beasts.
             The game lasted 00:26:02 (8449 turns).

Autsider the Summoner (Tengu Summoner)              Turns: 8449, Time: 00:26:02

HP:   0/54 (58)     AC:  5    Str: 10    XL:     10   Next: 77%
MP:   15/21         EV: 33    Int: 24    God:    Kikubaaqudgha [**....]
Gold: 344           SH: 10    Dex: 20    Spells: 9/23 levels left

rFire   . . .        v - +0 trident
rCold   . . .        E - +0 buckler
rNeg    . . .        a - +0 robe
rPois   .            G - +0 hat {SInv}
rElec   .            i - +2 cloak
rCorr   .            (no gloves)
SInv    +            (boots unavailable)
Will    .....        x - amulet of reflection
Stlth   +++          D - ring "Penyvujo" {Int+5 Dex+6}
HPRegen 0.29/turn    (no ring)
MPRegen 0.17/turn

%: reflection, acrobat
@: acrobatic, flying, drained
A: beak, talons 3, evasive flight, acrobatic
a: Renounce Religion, Unearth Wretches


You were on level 1 of the Lair of Beasts.
You worshipped Kikubaaqudgha.
Kikubaaqudgha was pleased with you.
You visited 3 branches of the dungeon, and saw 10 of its levels.

You collected 542 gold pieces.
You spent 198 gold pieces at shops.

Inventory:

Hand Weapons
 j - a +1 dagger of venom
 r - a +4 dagger
 s - a +2 rapier of venom
 v - a +0 trident (weapon)
Armour
 a - a +0 robe (worn)
 i - a +2 cloak (worn)
 y - the +0 chain mail of the Six Visionaries {rElec rCorr Int+2 SInv}
   (You found it on level 6 of the Dungeon)

   Int+2:     It affects your intelligence (+2).
   rElec:     It insulates you from electricity.
   SInv:      It lets you see invisible.
   rCorr:     It protects you from acid and corrosion.
 E - a +0 buckler (worn)
 G - a +0 hat of see invisible (worn)
Jewellery
 x - an amulet of reflection (around neck)
 D - the ring "Penyvujo" (left hand) {Int+5 Dex+6}
   (You found it on level 8 of the Dungeon)

   [ring of dexterity]

   Int+5:     It affects your intelligence (+5).
   Dex+6:     It affects your dexterity (+6).
Wands
 B - a wand of polymorph (9)
 C - a wand of iceblast (14)
Scrolls
 c - a scroll of amnesia {unknown}
 d - a scroll of blinking {unknown}
 e - 2 scrolls of enchant weapon {unknown}
 f - 2 scrolls of revelation
 g - a scroll of teleportation {@r2}
 o - 5 scrolls of identify {@r1}
 p - a scroll of fear {unknown}
 u - a scroll of acquirement {unknown}
 F - a scroll of poison {unknown}
Potions
 b - a potion of magic
 h - a potion of resistance
 k - a potion of mutation
 l - 4 potions of degeneration
 m - 6 potions of curing {@q1}
 n - a potion of attraction
 q - a potion of lignification
 t - a potion of berserk rage
 w - 3 potions of heal wounds {@q2}
 z - a potion of ambrosia
 A - a potion of enlightenment {unknown}


   Skills:
 + Level 4.5 Fighting
 + Level 4.8 Armour
 + Level 5.3 Dodging
 + Level 5.2 Stealth
 + Level 2.8 Shields
 + Level 7.2 Spellcasting
 + Level 10.4 Summonings
 - Level 5.0 Fire Magic
 - Level 5.0 Air Magic


You had 9 spell levels left.
You knew the following spells:

 Your Spells              Type           Power      Damage    Failure   Level
a - Summon Small Mammal   Summ           100%       N/A       1%          1
b - Call Imp              Summ           100%       N/A       1%          2
A - Call Canine Familiar  Summ           56%        N/A       1%          3
B - Summon Blazeheart Go  Fire/Summ      45%        N/A       4%          4
C - Summon Lightning Spi  Summ/Air       45%        N/A       4%          4

Your spell library contained the following spells:

 Spells                   Type           Power      Damage    Failure   Level
 Scorch                   Fire           64%        2d7       1%          2
 Cigotuvi's Dreadful Rot  Necr/Alch/Air  32%        N/A       8%          2
 Necrotise                Necr           32%        1d5       11%         1
 Sandblast                Erth           16%        2d6       11%         1
 Ensorcelled Hibernation  Hex/Ice        16%        N/A       16%         2
 Summon Cactus Giant      Summ           28%        N/A       22%         6
 Fugue of the Fallen      Necr           8%         N/A       30%         3
 Stone Arrow              Conj/Erth      16%        3d8       30%         3
 Vampiric Draining        Necr           8%         2d6       30%         3
 Flame Wave               Conj/Fire      20%        2d7       36%         4
 Anguish                  Hex/Necr       4%         N/A       71%         4
 Brom's Barrelling Bould  Conj/Erth      8%         2d3       71%         4
 Haunt                    Necr/Summ      16%        N/A       100%        7
 Borgnjor's Revivificati  Necr           4%         N/A       100%        8
 Death's Door             Necr           4%         N/A       100%        9


Dungeon Overview and Level Annotations

Branches:
Dungeon (8/15)             Temple (1/1) D:4            Lair (1/5) D:8

Altars:
Ashenzari
Cheibriados
Dithmenos
Elyvilon
Fedhas
Gozag
Hepliaklqana
Kikubaaqudgha
Makhleb
Nemelex Xobeh
Okawaru
Qazlal
Ru
Sif Muna
Trog
Uskayaw
Vehumet
Wu Jian
Xom
Yredelemnul
Zin
The Shining One

Shops:
D:4 !   D:5 !   D:6 *

Annotations:
D:3 exclusion: downstairs


Innate Abilities, Weirdness & Mutations

You have a beak for a mouth.
You have claws for feet.
Your magical flight helps you evade attacks. (EV +4)
You can magically evade attacks while moving or waiting.


Message History

Your lightning spire shoots out a bolt of lightning at the hell rat!
The bolt of electricity hits the hell rat.
The hell rat bites your lightning spire!
The hell rat bites your lightning spire but does no damage.
The hell rat bites your lightning spire!
Your lightning spire is destroyed!
Your lightning spire disappears in a puff of smoke!
You reach to attack!
You hit the hell rat but do no damage.
The hell rat is moderately wounded.
The hell rat bites you!
You feel drained.
Casting: Summon Lightning Spire (dangerous; 4% risk of failure)
Confirm with . or Enter, or press ? or * to list all spells.
A fiery spirit appears, bound in slag iron.
You block the hell rat's attack. The hell rat misses you.
The hell rat completely misses you.
A hell rat comes into view.
The hell rat barely misses you. The hell rat misses you.
You block the hell rat's attack.
Your blazeheart golem punches the hell rat but does no damage.
The hell rat bites you!
* * * LOW HITPOINT WARNING * * *
You feel drained.
* * * LOW HITPOINT WARNING * * *
The hell rat barely misses your blazeheart golem.
The hell rat bites your blazeheart golem!
The hell rat bites your blazeheart golem.
The hell rat bites your blazeheart golem!
Your blazeheart golem punches the hell rat.
Your blazeheart golem falls apart, revealing its core!
Your blazeheart core explodes!
The fiery explosion engulfs the hell rat!!!
You kill the hell rat!
Kikubaaqudgha accepts your kill.
The fiery explosion engulfs the hell rat!
You kill the hell rat!
Kikubaaqudgha accepts your kill. The fiery explosion engulfs you!!
Ouch! That really hurt!
You die...
Kikubaaqudgha rasps: You have failed me!
Welcome... death!

#(..######.##....# .#
#................###'.
#.....................
#.....................
#.....................
#.............r.......
#...........☼☼☼.......
#...........☼○☼#.#+#.#
#...##'###..☼○@#......
#.....................
#.#......#.....#......
#.#......#.....#......
#.^..........# .....
.#............######.#
#......................
#..P#.##.#.............
#.......................


You could see a hell rat.

Vanquished Creatures
  Gastronok (Lair:1)
  2 cane toads (Lair:1)
  A rime drake (Lair:1)
  3 yaks (Lair:1)
  2 water moccasins
  A black bear (D:5)
  A phantom (D:7)
  2 bullfrogs
  2 killer bees
  A howler monkey (D:5)
  A bombardier beetle (D:5)
  A hound (D:6)
  An iguana (D:5)
  An orc wizard (D:5)
  2 hell rats (Lair:1)
  3 gnolls (D:7)
  2 adders (D:3)
  A shadow imp (D:7)
  A white imp (D:3)
  A dart slug (D:4)
  7 orcs
  4 bats
  4 endoplasms
  4 goblins
  5 hobgoblins
  A jackal (D:4)
  A quokka (D:1)
  5 ball pythons
  A frilled lizard (D:2)
  2 kobolds (D:2)
  A kobold zombie (D:6)
  4 rats
69 creatures vanquished.

Vanquished Creatures (collateral kills)
  Eustachio (D:4)
  Sigmund (D:2)
  A human (D:6)
  A basilisk (Lair:1)
  A yak (Lair:1)
  The ghost of gruber the Cutter, an amateur VSFi (D:4)
  An ice beast (D:7)
  A sky beast (D:8)
  2 centaurs
  3 ogres
  A phantom (D:4)
  A bullfrog (D:8)
  4 scorpions
  5 killer bees (D:8)
  A howler monkey (D:4)
  2 hounds
  4 orc priests
  3 jellies
  A gnoll bouda (D:8)
  A sleepcap (D:8)
  2 hell rats (Lair:1)
  An iguana (D:6)
  An orc wizard (D:8)
  13 gnolls
  2 adders (D:2)
  2 shadow imps
  A white imp (D:6)
  A ribbon worm (D:2)
  13 orcs
  4 ball pythons
  A bat (D:2)
  2 endoplasms (D:1)
  2 giant cockroaches
  4 goblins
  A hobgoblin (D:1)
  3 jackals
  2 quokkas (D:1)
  A jackal zombie (D:6)
  2 kobolds
  A rat (D:1)
95 creatures vanquished.

Vanquished Creatures (others)
  7 blazeheart cores (Lair:1)
7 creatures vanquished.

Grand Total: 171 creatures vanquished

Notes
Turn   | Place    | Note
-------+----------+-------------------------------------------
     0 | D:1      | Autsider the Tengu Summoner began the quest for the Orb.
     0 | D:1      | Reached XP level 1. HP: 10/10 MP: 4/4
    58 | D:1      | Reached skill level 5 in Summonings
   175 | D:1      | Reached XP level 2. HP: 11/15 MP: 6/6
   251 | D:1      | Learned a level 2 spell: Call Imp
   442 | D:1      | Reached XP level 3. HP: 19/19 MP: 1/8
   446 | D:1      | Learned a level 3 spell: Call Canine Familiar
   998 | D:2      | Found a faded altar of an unknown god.
  1266 | D:2      | Noticed Sigmund
  1285 | D:2      | Killed Sigmund
  1286 | D:2      | Reached skill level 6 in Summonings
  1286 | D:2      | Reached XP level 4. HP: 24/24 MP: 2/11
  1286 | D:2      | Reached XP level 5. HP: 28/28 MP: 2/12
  1863 | D:3      | Reached XP level 6. HP: 29/32 MP: 8/13
  1934 | D:3      | Reached skill level 7 in Summonings
  2514 | D:4      | Noticed Eustachio
  2514 | D:4      | Found a staircase to the Ecumenical Temple.
  2542 | D:4      | Found a sparkling altar of Nemelex Xobeh.
  2558 | D:4      | Learned a level 4 spell: Summon Blazeheart Golem
  2559 | D:4      | Noticed an ice beast
  2768 | D:4      | Found Cer Ose's Distillery.
  2801 | D:4      | Killed Eustachio
  2802 | D:4      | Gained mutation: Your magical flight helps you evade
                  | attacks. (EV +4) [Tengu growth]
  2802 | D:4      | Reached XP level 7. HP: 3/36 MP: 11/15
  3018 | D:4      | Reached skill level 5 in Spellcasting
  3021 | D:4      | Found a runed translucent door.
  3021 | D:4      | Noticed gruber's ghost (amateur VSFi)
  3024 | D:4      | Bought a potion of curing for 33 gold pieces
  3024 | D:4      | Bought a potion of curing for 33 gold pieces
  3158 | Temple   | Entered the Ecumenical Temple
  3196 | Temple   | Became a worshipper of Kikubaaqudgha
  3719 | D:4      | Killed gruber's ghost
  3720 | D:4      | Reached skill level 8 in Summonings
  3770 | D:5      | Entered Level 5 of the Dungeon
  3890 | D:5      | Reached XP level 8. HP: 41/41 MP: 16/16
  4213 | D:5      | Reached skill level 5 in Fire Magic
  4371 | D:5      | Found Huet's Distillery.
  4377 | D:5      | Bought a potion of curing for 36 gold pieces
  4377 | D:5      | Bought a potion of curing for 36 gold pieces
  4377 | D:5      | Bought a potion of heal wounds for 60 gold pieces
  4418 | D:5      | Reached skill level 9 in Summonings
  4423 | D:5      | Learned a level 4 spell: Summon Lightning Spire
  4919 | D:6      | Found a runed translucent door.
  4934 | D:6      | Found a basalt altar of Yredelemnul.
  4969 | D:6      | Reached * piety under Kikubaaqudgha
  4969 | D:6      | Received a gift from Kikubaaqudgha
  4970 | D:6      | Reached skill level 1 in Air Magic
  5072 | D:6      | Reached skill level 1 in Armour
  5114 | D:6      | Found Igrizol's Overcharged Wands.
  5158 | D:6      | Reached skill level 1 in Fighting
  5194 | D:6      | Identified the +0 chain mail of the Six Visionaries {rElec
                  | rCorr Int+2 SInv}
  6031 | D:7      | Reached XP level 9. HP: 47/47 MP: 15/19
  7205 | D:8      | Identified the ring "Penyvujo" {Int+5 Dex+6}
  7384 | D:8      | Reached ** piety under Kikubaaqudgha
  7731 | D:8      | Found a staircase to the Lair.
  7940 | Lair:1   | Entered Level 1 of the Lair of Beasts
  7952 | Lair:1   | Noticed a cane toad
  7962 | Lair:1   | Killed a cane toad
  7963 | Lair:1   | Reached XP level 10. HP: 56/56 MP: 17/21
  7982 | Lair:1   | Reached skill level 1 in Shields
  7982 | Lair:1   | Reached skill level 10 in Summonings
  7990 | Lair:1   | Noticed a cane toad
  8001 | Lair:1   | Killed a cane toad
  8089 | Lair:1   | Noticed a death yak
  8089 | Lair:1   | Noticed an ice dragon
  8127 | Lair:1   | Noticed Gastronok
  8163 | Lair:1   | Killed Gastronok
  8164 | Lair:1   | Reached skill level 5 in Dodging
  8164 | Lair:1   | Reached skill level 5 in Air Magic
  8301 | Lair:1   | Reached skill level 5 in Stealth
  8449 | Lair:1   | Killed by an exploding blazeheart core

Illustrated notes

Levels and vault maps discovered:
D:1:      lemuel_arrival_muddy, layout_basic, minmay_misc_feat_tiny
D:2:      layout_loops_ring, hellmonk_ecumenical_altar_crossroads,
          small_statue_intersection, moated_statue, uniq_sigmund
D:3:      layout_rooms, nicolae_concentric_dashed_squares_wild
D:4:      layout_loops_cross, mainiacjoe_overflow_tiny_flanked,
          minmay_temple_entry_statues_pillars, serial_shops, shop,
          gammafunk_ghost_grave, uniq_eustachio
D:5:      layout_basic, serial_shops, nicolae_shop_rolling_square
D:6:      layout_loops_ring, dk_yredelemnul_ordeal,
          nicolae_shop_overcharged_wands
D:7:      minmay_angry_zag, layout_loops_ring, kennysheep_path_1,
          nicolae_sextant
D:8:      layout_rooms, dpeg_oklobed_lair
Temple:   mainiacjoe_temple_cubbyholes
Lair:1:   dreamdust_isle_of_ice, layout_regular_city,
          chequers_serial_rivers_micro_b, uniq_gastronok

Skill      XL: |  1  2  3  4  5  6  7  8  9 10 |
---------------+-------------------------------+-----
Summonings     | 5 6 7 8 9 10 | 10.4
Spellcasting   | 4 5 6 7 |  7.2
Fire Magic     | 2 4 5 |  5.0
Air Magic      | 2 4 5 |  5.0
Armour         | 1 3 4 |  4.8
Fighting       | 1 3 4 |  4.5
Dodging        | 4 5 |  5.3
Stealth        | 4 5 |  5.2
Shields        | 2 |  2.8

Action                     |  1- 3 |  4- 6 |  7- 9 | 10-12 || total
---------------------------+-------+-------+-------+-------++-------
  Melee: Unarmed           |    28 |       |       |       ||    28
         Kick              |    13 |    11 |    47 |       ||    71
         Peck              |     3 |     7 |    25 |     2 ||    37
         Dagger            |       |    59 |    11 |       ||    70
         Trident           |       |       |   132 |     6 ||   138
   Cast: Summon Small Mamm |    13 |     4 |    10 |       ||    27
         Call Imp          |     9 |     8 |    42 |       ||    59
         Call Canine Famil |     5 |     8 |    34 |     2 ||    49
         Summon Blazeheart |       |       |     2 |     7 ||     9
         Summon Lightning  |       |       |       |     4 ||     4
    Use: Scroll            |       |       |     9 |       ||     9
   Stab: Sleeping          |     1 |     4 |     2 |       ||     7
         Distracted        |       |     2 |     3 |       ||     5
 Armour: Robe              |    12 |    35 |    75 |    11 ||   133
  Dodge: Dodged            |    30 |    50 |   164 |    16 ||   260
  Block: Other             |       |       |    21 |       ||    21
         Reflection        |       |       |     3 |       ||     3
         Buckler           |       |       |     2 |    11 ||    13

Table legend: (Time is in decaauts)
 A = Elapsed time spent in this place.
 B = Non-inter-level travel time spent in this place.
 C = Inter-level travel time spent in this place.
 D = Time resting spent in this place.
 E = Time spent auto-exploring this place.
 F = Levels seen in this place.
 G = Mean time per level.
                   A        B        C        D        E       F      G
               +--------+--------+--------+--------+--------+-----+--------+
         Total |   8500 |   8123 |    377 |    708 |   5579 |  10 |  850.0 |
       Dungeon |   7913 |   7610 |    303 |    600 |   5370 |   8 |  989.1 |
        Temple |     74 |      1 |     73 |      0 |      0 |   1 |   74.0 |
          Lair |    512 |    512 |      0 |    108 |    209 |   1 |  512.0 |
               +--------+--------+--------+--------+--------+-----+--------+

Top non-repeatable levels by time:
     D:5: 1124 daAuts
     D:4: 1114 daAuts
     D:7: 1090 daAuts
     D:6: 1056 daAuts
     D:1: 939 daAuts
     D:2: 910 daAuts
     D:8: 907 daAuts
     D:3: 769 daAuts
  Lair:1: 512 daAuts
  Temple: 74 daAuts
